 Dungeon Crawl Stone Soup version 0.21.1-1-g345015fe64 (webtiles) character file.

384 Jesperson the Skirmisher (level 6, -2/57 HPs)
             Began as a Hill Orc Monk on July 15, 2018.
             Slain by Menkaure (17 damage)
             ... on level 4 of the Dungeon.
             The game lasted 00:11:41 (4539 turns).

Jesperson the Skirmisher (Hill Orc Monk)            Turns: 4539, Time: 00:11:41

Health: -2/57      AC: 15    Str: 16    XL:     6   Next: 77%
Magic:  6/6        EV:  8    Int: 12    God:
Gold:   226        SH:  0    Dex: 13    Spells: 5/5 levels left

rFire    + . .     SeeInvis .   a - +1 hand axe
rCold    . . .     Gourm    .   (no shield)
rNeg     . . .     Faith    .   r - +4 chain mail {rF+}
rPois    .         Spirit   .   (no helmet)
rElec    .         Reflect  .   (no cloak)
rCorr    .         Harm     .   (no gloves)
MR       .....     Rnd*Rage +   n - +0 pair of boots
Stlth    ..........             (no amulet)
HPRegen  0.00/turn              (no ring)
MPRegen  0.10/turn              (no ring)

@: flying
A: berserk 1, clever 1, shaggy fur 1, inhibited regeneration
a: no special abilities


You were on level 4 of the Dungeon.
You were not hungry.

You visited 1 branch of the dungeon, and saw 4 of its levels.

You collected 226 gold pieces.

Inventory:

Hand Weapons
 a - a +1 hand axe (weapon)
 b - a +0 spear
 h - a -3 flail
 l - a +1 short sword of venom
Missiles
 d - 68 stones (quivered)
Armour
 n - a +0 pair of boots (worn)
 q - a +0 plate armour
 r - a +4 chain mail of fire resistance (worn)
Wands
 m - a wand of polymorph (17)
Scrolls
 g - a scroll of remove curse
Potions
 f - a potion of cancellation
 j - a potion of heal wounds
 k - a potion of mutation
Comestibles
 c - 7 rations
 i - 2 chunks of flesh


   Skills:
 * Level 6.0 Fighting
 + Level 5.4 Axes
 - Level 0.1(2.7) Maces & Flails
 * Level 4.7 Armour
 - Level 2.4 Dodging
 - Level 1.5 Stealth
 + Level 0.4 Unarmed Combat


You had 5 spell levels left.
You didn't know any spells.

Dungeon Overview and Level Annotations

Branches:
Dungeon (4/15)             Temple (0/1) D:4

Altars:
Ashenzari
Vehumet

Annotations:
D:4 Menkaure


Innate Abilities, Weirdness & Mutations

You tend to lose your temper in combat.
Your mind is acute. (Int +2)
You are covered in fur. (AC +1)
You do not regenerate when monsters are visible.


Message History

It was a potion of flight.
You feel very buoyant.
You fly up into the air.
Menkaure hits you but does no damage.
It was a potion of curing.
You feel better. Menkaure completely misses you.
You hit Menkaure but do no damage.
Menkaure is heavily damaged.
Menkaure completely misses you.
You hit Menkaure.
Menkaure is almost destroyed.
Menkaure gestures at you while chanting.
You barely resist. Menkaure barely misses you.
You hit Menkaure.
Menkaure is almost destroyed.
Menkaure calls on the powers of darkness!
Your body is wracked with pain!
* * * LOW HITPOINT WARNING * * *
You hit Menkaure but do no damage.
Menkaure is almost destroyed.
Menkaure hits you!
You die...

######.### #..
#........# ###
.........# .........#
..####.### #.## #.#
### #..# #.# #.. ##.#
#.# #.#######.#
#.###.# #.#...@M..#
#..##.# #.#.#######
##.##.####.#.#
#.PP...##.#.# #####
##P...)##.#.#......
....P.>P.............
.###.PPPP..#.........
#...P.P#..##.......
.......##..# #......


You could see Menkaure.

Vanquished Creatures
  An ogre (D:4)
  A scorpion (D:4)
  A hound (D:4)
  Ijyb (D:3)
  Terence (D:3)
  3 gnolls
  2 howler monkey skeletons (D:4)
  3 adders
  3 oozes
  A worm (D:2)
  2 dart slugs (D:1)
  2 leopard geckos
  6 giant cockroaches
  4 goblins
  8 hobgoblins
  9 jackals
  A quokka (D:2)
  9 bats
  9 frilled lizards
  7 kobolds
  A quokka skeleton (D:4)
  10 rats
85 creatures vanquished.

Notes
Turn   | Place    | Note
-------+----------+-------------------------------------------
     0 | D:1      | Jesperson the Hill Orc Monk began the quest for the Orb.
     0 | D:1      | Reached XP level 1. HP: 19/19 MP: 1/1
   111 | D:1      | Reached skill level 4 in Fighting
   111 | D:1      | Reached XP level 2. HP: 27/27 MP: 2/2
   235 | D:1      | Reached XP level 3. HP: 34/34 MP: 3/3
   436 | D:1      | Reached skill level 1 in Armour
   882 | D:1      | Reached skill level 5 in Axes
   882 | D:1      | Reached XP level 4. HP: 22/41 MP: 4/4
  1960 | D:2      | Found a shattered altar of Ashenzari.
  1965 | D:2      | Saw a vision of the Shoals and the Spider Nest.
  1965 | D:2      | Noticed a hippogriff
  1965 | D:2      | Noticed a sea snake
  1965 | D:2      | Noticed a redback
  1965 | D:2      | Noticed a wolf spider
  1965 | D:2      | Noticed a merfolk
  1965 | D:2      | Noticed a merfolk
  1965 | D:2      | Noticed a sea snake
  1965 | D:2      | Noticed a redback
  1967 | D:2      | Noticed a merfolk
  1967 | D:2      | Noticed a merfolk
  1968 | D:2      | Noticed a hippogriff
  2715 | D:3      | Found a radiant altar of Vehumet.
  2733 | D:3      | Reached skill level 5 in Fighting
  2853 | D:3      | Noticed Terence
  2868 | D:3      | Killed Terence
  2868 | D:3      | Reached XP level 5. HP: 45/48 MP: 5/5
  3376 | D:3      | Noticed Ijyb
  3397 | D:3      | Killed Ijyb
  3875 | D:4      | Reached XP level 6. HP: 40/56 MP: 6/6
  4338 | D:4      | Reached skill level 6 in Fighting
  4494 | D:4      | Found a staircase to the Ecumenical Temple.
  4523 | D:4      | Noticed Menkaure
  4533 | D:4      | Gained mutation: Your mind is acute. (Int +2) [potion of mutation]
  4533 | D:4      | Gained mutation: You tend to lose your temper in combat. [potion of mutation]
  4533 | D:4      | Gained mutation: You do not regenerate when monsters are visible. [potion of mutation]
  4533 | D:4      | Gained mutation: You are covered in fur. (AC +1) [potion of mutation]
  4539 | D:4      | Slain by Menkaure

Skill      XL: |  1  2  3  4  5  6 |
---------------+-------------------+-----
Fighting       | 4 5 6 |  6.0
Armour         | 1 2 4 |  4.7
Axes           | 5 |  5.4
Maces & Flails | |  0.1
Dodging        | |  2.4
Stealth        | |  1.5
Unarmed Combat | |  0.4

Action                   |  1- 3 |  4- 6 || total
-------------------------+-------+-------++-------
Melee: Hand axe          |   131 |    70 ||   201
       Flail             |       |   293 ||   293
       Unarmed           |       |    12 ||    12
  Use: Scroll            |       |     9 ||     9
       Potion            |       |     4 ||     4
 Stab: Sleeping          |     1 |       ||     1
       Confused          |       |     1 ||     1
  Eat: Chunk             |       |     9 ||     9
       Ration            |       |     1 ||     1
Armor: Ring mail         |    14 |       ||    14
       Chain mail        |    51 |   329 ||   380
Dodge: Dodged            |    52 |   213 ||   265
